 Dungeon Crawl Stone Soup version 0.26.1-11-gd32895ea62 (webtiles) character file.

Game seed: 6723773993398592817

100 alphawulf the Archer (level 4, 0/38 HPs)
             Began as a Gnoll Hunter on July 2, 2021.
             Slain by an orc priest
             ... wielding a +0 flail
              (6 damage)
             ... on level 3 of the Dungeon.
             The game lasted 00:05:53 (2138 turns).

alphawulf the Archer (Gnoll Hunter)                 Turns: 2138, Time: 00:05:54

Health: 0/38       AC:  6    Str: 15    XL:     4   Next: 73%
Magic:  5/5        EV: 13    Int: 14    God:
Gold:   109        SH:  0    Dex: 15    Spells: 5/5 levels left

rFire    . . .     SeeInvis .   b - +0 short sword
rCold    . . .     Faith    .   (no shield)
rNeg     . . .     Spirit   .   e - +1 ring mail
rPois    .         Reflect  .   (no helmet)
rElec    .         Harm     .   (no cloak)
rCorr    .         Rampage  .   (no gloves)
Will     .....                  (no boots)
Stlth    ++........             (no amulet)
HPRegen  0.12/turn              (no ring)
MPRegen  0.09/turn              (no ring)

@: no status effects
A: distributed training, fangs 1, strong nose
a: no special abilities


You were on level 3 of the Dungeon.
You visited 1 branch of the dungeon, and saw 3 of its levels.

You collected 109 gold pieces.

Inventory:

Hand Weapons
 a - a +2 shortbow
 b - a +0 short sword (weapon)
Missiles
 d - 7 arrows
Armour
 e - a +1 ring mail (worn)
Scrolls
 f - 3 scrolls of remove curse
 m - a scroll of immolation
Potions
 c - a potion of attraction {unknown}
 h - a potion of resistance
 i - a potion of heal wounds
 k - a potion of brilliance {unknown}
 l - 2 potions of curing {unknown}
 n - a potion of lignification {unknown}


   Skills:
 + Level 4.7 Fighting
 + Level 1.2 Short Blades
 + Level 1.2 Long Blades
 + Level 1.2 Axes
 + Level 1.2 Maces & Flails
 + Level 1.2 Polearms
 + Level 1.2 Staves
 + Level 1.2 Slings
 + Level 8.6 Bows
 + Level 1.2 Crossbows
 + Level 1.2 Throwing
 + Level 1.2 Armour
 + Level 4.7 Dodging
 + Level 2.6 Stealth
 + Level 1.2 Shields
 + Level 1.2 Unarmed Combat
 + Level 1.2 Spellcasting
 + Level 1.0 Conjurations
 + Level 1.0 Hexes
 + Level 1.0 Summonings
 + Level 1.0 Necromancy
 + Level 1.0 Translocations
 + Level 1.0 Transmutations
 + Level 1.0 Fire Magic
 + Level 1.0 Ice Magic
 + Level 1.0 Air Magic
 + Level 1.0 Earth Magic
 + Level 1.0 Poison Magic
 + Level 1.3 Invocations
 + Level 1.2 Evocations


You had 5 spell levels left.
You didn't know any spells.
Your spell library was empty.

Dungeon Overview and Level Annotations

Branches:
Dungeon (3/15)

Altars:
Nemelex Xobeh


Innate Abilities, Weirdness & Mutations

Your experience applies equally to all skills.
You have very sharp teeth.
Your uncanny sense of smell can sniff out nearby items.


Message History

* * * LOW HITPOINT WARNING * * *
You are too injured to fight recklessly!
You are too injured to fight recklessly!
You feel much better.
You hit the orc priest.
The orc priest is lightly wounded.
The orc priest barely misses you.
You hit the orc priest but do no damage.
The orc priest is lightly wounded.
The orc priest calls down the wrath of Beogh upon you.
Pain shoots through your body!
You hit the orc priest.
The orc priest is lightly wounded.
The orc priest invokes the aid of Beogh against you.
Beogh smites you!
* * * LOW HITPOINT WARNING * * *
You barely miss the orc priest.
The orc priest is lightly wounded.
The orc priest hits you with a +0 flail.
You die...

.....##. ...# #.###..#..
.(. .........
.(#.##....###..#..
.......##.##......
##(#.##.##.###.)#..
.(..##.##.# #..#..
#o#.##.##.# #..#..
#@#.##.##.# #..#..
#.#.##.##.# #..#..
####.#.##.##.###..#..
#....................
.............(.......#..
####.##..............#..
#. ###.#####.####.# . .
#.. ..... ..... #
#######.####.##.


You could see an orc priest.

Vanquished Creatures
  An orc priest (D:3)
  A dart slug (D:1)
  2 leopard geckos (D:1)
  6 orcs
  3 giant cockroaches
  10 goblins
  2 hobgoblins
  4 jackals (D:2)
  9 kobolds
  3 quokkas (D:2)
  8 bats
  3 frilled lizards
  3 rats
55 creatures vanquished.

Notes
Turn   | Place    | Note
-------+----------+-------------------------------------------
     0 | D:1      | alphawulf the Gnoll Hunter began the quest for the Orb.
     0 | D:1      | Reached XP level 1. HP: 20/20 MP: 1/1
   129 | D:1      | Reached XP level 2. HP: 26/26 MP: 2/2
   437 | D:1      | Reached XP level 3. HP: 29/31 MP: 3/3
  1183 | D:2      | Reached skill level 1 in Invocations
  1322 | D:2      | Reached skill level 1 in Short Blades
  1322 | D:2      | Reached skill level 1 in Long Blades
  1322 | D:2      | Reached skill level 1 in Axes
  1322 | D:2      | Reached skill level 1 in Maces & Flails
  1322 | D:2      | Reached skill level 1 in Polearms
  1322 | D:2      | Reached skill level 1 in Staves
  1322 | D:2      | Reached skill level 1 in Slings
  1322 | D:2      | Reached skill level 1 in Crossbows
  1322 | D:2      | Reached skill level 1 in Throwing
  1322 | D:2      | Reached skill level 1 in Armour
  1322 | D:2      | Reached skill level 1 in Shields
  1322 | D:2      | Reached skill level 1 in Unarmed Combat
  1322 | D:2      | Reached skill level 1 in Spellcasting
  1322 | D:2      | Reached skill level 1 in Evocations
  1350 | D:2      | Reached XP level 4. HP: 9/38 MP: 5/5
  1868 | D:2      | Found a sparkling altar of Nemelex Xobeh.
  2131 | D:3      | Reached skill level 1 in Conjurations
  2131 | D:3      | Reached skill level 1 in Hexes
  2131 | D:3      | Reached skill level 1 in Summonings
  2131 | D:3      | Reached skill level 1 in Necromancy
  2131 | D:3      | Reached skill level 1 in Translocations
  2131 | D:3      | Reached skill level 1 in Transmutations
  2131 | D:3      | Reached skill level 1 in Fire Magic
  2131 | D:3      | Reached skill level 1 in Ice Magic
  2131 | D:3      | Reached skill level 1 in Air Magic
  2131 | D:3      | Reached skill level 1 in Earth Magic
  2131 | D:3      | Reached skill level 1 in Poison Magic
  2138 | D:3      | Slain by an orc priest

Illustrated notes

Levels and vault maps discovered:
D:1:      dpeg_arrival_signposts, layout_basic, minmay_tree_intersection
D:2:      layout_rooms, nemelex_altar_shiori
D:3:      layout_basic, chequers_serial_rivers_room_a

Skill      XL: |  1  2  3  4 |
---------------+-------------+-----
Invocations    | 1 |  1.3
Short Blades   | 1 |  1.2
Long Blades    | 1 |  1.2
Axes           | 1 |  1.2
Maces & Flails | 1 |  1.2
Polearms       | 1 |  1.2
Staves         | 1 |  1.2
Slings         | 1 |  1.2
Crossbows      | 1 |  1.2
Throwing       | 1 |  1.2
Armour         | 1 |  1.2
Shields        | 1 |  1.2
Unarmed Combat | 1 |  1.2
Spellcasting   | 1 |  1.2
Evocations     | 1 |  1.2
Conjurations   | 1 |  1.0
Hexes          | 1 |  1.0
Summonings     | 1 |  1.0
Necromancy     | 1 |  1.0
Translocations | 1 |  1.0
Transmutations | 1 |  1.0
Fire Magic     | 1 |  1.0
Ice Magic      | 1 |  1.0
Air Magic      | 1 |  1.0
Earth Magic    | 1 |  1.0
Poison Magic   | 1 |  1.0
Fighting       | |  4.7
Bows           | |  8.6
Dodging        | |  4.7
Stealth        | |  2.6

Action                   |  1- 3 |  4- 6 || total
-------------------------+-------+-------++-------
Melee: Short sword       |    75 |    23 ||    98
       Bite              |    10 |     1 ||    11
 Fire: Shortbow          |    51 |    16 ||    67
  Use: Scroll            |       |     7 ||     7
       Potion            |       |     1 ||     1
 Stab: Sleeping          |     1 |       ||     1
Armor: Leather armour    |     1 |       ||     1
       Ring mail         |    37 |     2 ||    39
Dodge: Dodged            |    98 |    11 ||   109
